 Dungeon Crawl Stone Soup version 0.18-b1-2-gd0c887e (webtiles) character file.

8713 Helmschank the Fighter (level 11, -7/101 HPs)
             Began as a Ghoul Monk on Apr 28, 2016.
             Was a High Priest of Okawaru.
             Mangled by dozzold's ghost (13 damage)
             ... on level 10 of the Dungeon.
             The game lasted 02:13:59 (9638 turns).

Helmschank the Fighter (Ghoul Monk)                 Turns: 9638, Time: 02:14:00

Health: -7/101     AC:  6    Str: 23    XL:     11   Next: 35%
Magic:  4/10       EV: 14    Int:  5    God:    Okawaru [*****.]
Gold:   192        SH:  0    Dex: 11    Spells: 0 memorised, 10 levels left

rFire  . . .     SeeInvis .     a - +0 falchion (slice)
rCold  + . .     Gourm    .     F - +1 leather armour of Ruiqiaci {Str+4}
rNeg   + + +     Faith    .     (no shield)
rPois  ∞         Spirit   .     s - +1 helmet
rElec  .         Dismiss  .     (no cloak)
rCorr  +         Reflect  .     (no gloves)
SustAt .         Harm     +     (no boots)
MR     .....                    p - amulet of harm
Stlth  ++........               q - +2 ring of slaying
                                x - ring of resist corrosion

@: rotting, not resistant to hostile enchantments, unstealthy
A: rotting body, claws 1, carnivore 3, cold resistance 1, negative energy
resistance 3, slow regeneration 1, torment resistance, unbreathing
a: Heroism, Finesse, Renounce Religion


You were on level 10 of the Dungeon.
You worshipped Okawaru.
Okawaru was extremely pleased with you.
You were not hungry.

You visited 2 branches of the dungeon, and saw 11 of its levels.

You collected 476 gold pieces.
You spent 284 gold pieces at shops.

Inventory:

Hand Weapons
 a - a +0 falchion of slicing (weapon)
 b - a +1 short sword of freezing
 B - a +0 scimitar
Missiles
 j - 213 stones (quivered)
 v - 43 poisoned needles
Armour
 h - a +2 robe of magic resistance
 s - a +1 helmet (worn)
 F - the +1 leather armour of Ruiqiaci (worn) {Str+4}
   (You bought it in a shop on level 4 of the Dungeon)

   It affects your strength (+4).
 G - a +0 robe
 O - a +1 robe of cold resistance
 Q - a +0 pair of gloves of dexterity
 R - the +3 hat of Pondering {ponderous, MR+ MP+10 Int+5}
   (You took it off Gastronok on level 10 of the Dungeon)

   It affects your intelligence (+5).
   It affects your resistance to hostile enchantments.
   It affects your magic capacity (+10).
 S - a +2 robe of resistance
Rods
 r - a +2 rod of shadows (9/9)
   (You acquired it on level 6 of the Dungeon)
Jewellery
 o - an uncursed amulet of the gourmand
 p - an amulet of harm (around neck)
 q - a +2 ring of slaying (right claw)
 x - a ring of resist corrosion (left claw)
Wands
 n - a wand of disintegration (12/24)
 y - a wand of iceblast (15/15)
 z - a wand of polymorph (4/24)
 D - a wand of lightning (6/15)
 I - a wand of polymorph (7/24)
 J - a wand of digging (11/24)
 N - a wand of flame (23/48)
Scrolls
 c - 3 scrolls of teleportation
 k - 6 scrolls of remove curse
 l - 3 scrolls of enchant armour
 u - 2 scrolls of enchant weapon
 w - 3 scrolls of magic mapping
 A - 2 scrolls of fear
 E - 2 scrolls of recharging
 M - a scroll of identify
Potions
 d - a potion of might
 e - 9 potions of curing
 f - a potion of flight
 i - 2 potions of cancellation
 C - 2 potions of resistance
 H - 2 potions of ambrosia
Books
 m - a book of Beasts

   Spells                             Type                      Level
   a - Summon Butterflies             Summoning                    1
   b - Call Canine Familiar           Summoning                    3
   c - Summon Ice Beast               Ice/Summoning                4
   d - Summon Mana Viper              Hexes/Summoning              5
   e - Summon Hydra                   Summoning                    7
Comestibles
 g - 4 slices of pizza
 t - 2 royal jellies
 L - 6 meat rations
 P - a chunk of flesh


   Skills:
 + Level 10.6 Fighting
 * Level 10.6 Long Blades
 - Level 4.2 Armour
 - Level 6.0 Dodging
 - Level 2.1 Stealth
 - Level 6.9 Unarmed Combat


You had 10 spell levels left.
You didn't know any spells.

Dungeon Overview and Level Annotations

Branches:
Dungeon (10/15)            Temple (1/1) D:7
   Lair: D:8-11         Orc: D:9-12

Altars:
Ashenzari
Cheibriados
Dithmenos
Elyvilon
Fedhas
Gozag
Kikubaaqudgha
Makhleb
Nemelex Xobeh
Okawaru
Pakellas
Qazlal
Ru
Sif Muna
Trog
Vehumet
Xom
Yredelemnul
Zin
The Shining One

Shops:
D:4 *[=*[

Annotations:
D:10 dozzold's ghost, novice MiBe


Innate Abilities, Weirdness & Mutations

Your body is rotting away.
You thrive on raw meat.
You are immune to poison.
You have sharp fingernails.
You are carnivorous and can eat meat at any time.
Your flesh is cold resistant.
You are immune to negative energy.
You regenerate slowly when monsters are visible.
You are immune to unholy pain and torment.
You can survive without breathing.


Message History

Drink which item? (? for menu, Esc to quit)
You feel much better.
Your claws slow down.
Dozzold's ghost hits you.
* * * LOW HITPOINT WARNING * * *
Dozzold's ghost closely misses you.
The centaur shoots an arrow.
The arrow completely misses you.
Items here: ( )) ÷ an arrow; a club; a giant club; an orc skeleton Dozzold's ghost hits you!
* * * LOW HITPOINT WARNING * * *
Drink which item? (? for menu, Esc to quit)
Okay, then.
You barely miss dozzold's ghost.
Dozzold's ghost is almost destroyed.
You miss dozzold's ghost.
Dozzold's ghost is almost destroyed.
Dozzold's ghost says, "They lied to you.
The Dungeon just goes down and down forever."
Dozzold's ghost hits you!
You die...

##### ...#
.(.. ... ..#
#.# #(# #
#@##### #.#
#W(...##
#...##[<[...#
#.(†#####....
#........#
.#.
........#.#
#(..c...#..#
#........ .#
#........ ##


You could see dozzold's ghost.

Vanquished Creatures
  Gastronok (D:10)
  Fannar (D:9)
  2 hill giants (D:10)
  A cyclops (D:8)
  Psyche (D:10)
  A wraith (D:9)
  A wyvern (D:8)
  5 yaks
  A hungry ghost (D:7)
  A water moccasin (Temple)
  6 orc warriors
  4 sky beasts
  An ice beast (D:7)
  2 phantoms
  A black bear (D:9)
  A necrophage (D:9)
  4 ogres
  4 centaurs
  A giant frog (D:7)
  2 scorpions
  6 crimson imps
  A giant frog zombie (D:9)
  5 hounds
  A jelly (D:6)
  14 orc wizards
  7 orc priests
  Ijyb (D:1)
  4 iguanas
  5 worker ants
  A hound skeleton (D:4)
  2 worker ant zombies
  Robin (D:1)
  4 gnolls
  6 adders
  A shadow imp (D:6)
  An ooze (D:2)
  3 adder skeletons
  2 worms
  3 dart slugs (D:1)
  5 giant geckos
  42 orcs
  3 ball pythons
  4 giant cockroaches
  20 goblins
  14 hobgoblins
  14 jackals
  8 kobolds
  A quokka (D:7)
  6 bats
  A giant gecko skeleton (D:5)
  3 giant newts
  A quokka zombie (D:5)
  3 rats
234 creatures vanquished.

Notes
Turn   | Place    | Note
--------------------------------------------------------------
     0 | D:1      | Helmschank the Ghoul Monk began the quest for the Orb.
     0 | D:1      | Reached XP level 1. HP: 19/19 MP: 0/0
   101 | D:1      | Reached XP level 2. HP: 21/26 MP: 1/1
   339 | D:1      | Reached XP level 3. HP: 30/30 MP: 2/2
   742 | D:1      | Reached skill level 5 in Unarmed Combat
  1292 | D:2      | Reached XP level 4. HP: 39/39 MP: 3/3
  1420 | D:2      | Found an oddly glowing altar of Pakellas.
  1532 | D:2      | Noticed Robin
  1684 | D:1      | Killed Robin
  1762 | D:2      | Noticed Ijyb
  1798 | D:1      | Killed Ijyb
  1798 | D:1      | Reached XP level 5. HP: 18/46 MP: 4/4
  2810 | D:4      | Found Egoek's General Store.
  2821 | D:4      | Bought a potion of curing for 36 gold pieces
  2821 | D:4      | Bought a scroll of fear for 42 gold pieces
  2821 | D:4      | Bought a scroll of identify for 24 gold pieces
  2896 | D:4      | Reached XP level 6. HP: 38/53 MP: 5/5
  3051 | D:4      | Noticed a phantom
  3078 | D:4      | Killed a phantom
  3110 | D:4      | Found a snail-covered altar of Cheibriados.
  3124 | D:4      | Found Kyrex's Jewellery Emporium.
  3220 | D:4      | Reached skill level 5 in Fighting
  3308 | D:4      | Reached XP level 7. HP: 53/61 MP: 6/6
  3377 | D:4      | Found Guntir's General Store.
  3404 | D:4      | Found Butif's Antique Armour Boutique.
  3445 | D:4      | Found Wiump's Antique Armour Shop.
  3768 | D:5      | Entered Level 5 of the Dungeon
  3815 | D:5      | Reached skill level 5 in Dodging
  4390 | D:6      | Identified a scroll of acquirement
  4392 | D:6      | Identified a +2 rod of shadows (9/9) (You acquired it on level 6 of the Dungeon)
  4525 | D:4      | Bought a warped leather armour for 182 gold pieces
  4535 | D:4      | Identified the +1 leather armour of Ruiqiaci {Str+4} (You bought it in a shop on level 4 of the Dungeon)
  4586 | D:6      | Reached skill level 1 in Armour
  4670 | D:6      | Reached XP level 8. HP: 49/70 MP: 7/7
  5135 | D:7      | Found a staircase to the Ecumenical Temple.
  5148 | Temple   | Entered the Ecumenical Temple
  5237 | Temple   | Became a worshipper of Warmaster Okawaru
  5237 | Temple   | Reached * piety under Okawaru
  5237 | Temple   | Reached ** piety under Okawaru
  5254 | Temple   | Reached skill level 1 in Long Blades
  5769 | D:7      | Reached XP level 9. HP: 56/78 MP: 8/8
  6098 | D:8      | Reached *** piety under Okawaru
  6225 | D:8      | Reached skill level 5 in Long Blades
  6556 | D:8      | Noticed a cyclops
  6729 | D:8      | HP: 1/79 [orc warrior/enchanted hand axe (28)]
  6960 | D:8      | Killed a cyclops
  7014 | D:8      | Reached **** piety under Okawaru
  7300 | D:9      | Reached XP level 10. HP: 52/90 MP: 9/9
  8566 | D:10     | Entered Level 10 of the Dungeon
  8575 | D:10     | Noticed Gastronok
  8576 | D:10     | Noticed a hill giant
  8591 | D:10     | Killed a hill giant
  8591 | D:10     | Reached ***** piety under Okawaru
  8591 | D:10     | Received a gift from Okawaru
  8614 | D:10     | Killed Gastronok
  8614 | D:10     | Received a gift from Okawaru
  8614 | D:10     | Reached skill level 10 in Fighting
  8614 | D:10     | Reached XP level 11. HP: 30/100 MP: 10/10
  8806 | D:10     | Noticed Psyche
  8815 | D:10     | Reached skill level 10 in Long Blades
  8833 | D:10     | Killed Psyche
  8865 | D:10     | Noticed Fannar
  9072 | D:9      | Killed Fannar
  9168 | D:10     | Noticed dozzold's ghost (novice MiBe)
  9434 | D:10     | Noticed a hill giant
  9550 | D:10     | Killed a hill giant
  9633 | D:10     | HP: 4/101 [centaur/arrow (11)]
  9638 | D:10     | Mangled by dozzold's ghost

Skill      XL: |  1  2  3  4  5  6  7  8  9 10 11 |
---------------+----------------------------------+-----
Dodging        | 3 4 5 6 |  6.0
Unarmed Combat | 5 6 |  6.9
Fighting       | 4 5 6 8 10 | 10.6
Armour         | 2 4 |  4.2
Long Blades    | 3 7 9 10 | 10.6
Stealth        | |  2.1

Action                   |  1- 3 |  4- 6 |  7- 9 | 10-12 || total
-------------------------+-------+-------+-------+-------++-------
Melee: Unarmed           |    99 |   202 |   337 |       ||   638
       Punch             |       |     1 |    11 |    15 ||    27
       Falchion          |       |       |    19 |   308 ||   327
Throw: Stone             |     8 |    34 |    47 |    42 ||   131
       Javelin           |       |       |       |     6 ||     6
Invok: Heroism           |       |       |       |     2 ||     2
       Finesse           |       |       |       |     1 ||     1
Evoke: Wand              |       |       |     3 |       ||     3
  Use: Scroll            |       |     7 |    16 |       ||    23
       Potion            |       |       |     1 |     3 ||     4
 Stab: Sleeping          |     1 |     3 |     4 |       ||     8
  Eat: Chunk             |    10 |    34 |    60 |    43 ||   147
Armor: Robe              |    15 |    30 |    11 |       ||    56
       Leather armour    |       |       |    52 |    38 ||    90
Dodge: Dodged            |    61 |   102 |   179 |   149 ||   491
